 Dungeon Crawl Stone Soup version 0.31.0-1-g2c135a008e (webtiles) character file.

Game seed: 4732172364463518689

367 qw the Shooter (level 7, -3/51 HPs)
             Began as a Djinni Hunter on Jan 23, 2024.
             Slain by an ogre
             ... wielding a +0 giant spiked club
              (22 damage)
             ... on level 4 of the Dungeon.
             The game lasted 00:00:11 (2110 turns).

qw the Shooter (Djinni Hunter)                      Turns: 2110, Time: 00:00:11

Health: -3/51      AC:  5    Str: 10    XL:     7   Next: 1%
Gold:   58         EV: 12    Int: 10    God:
                   SH:  0    Dex: 19

rFire   + + .        a - +2 shortbow
rCold   x . .        (shield currently unavailable)
rNeg    . . .        b - +0 ring mail
rPois   inf          (no helmet)
rElec   .            (no cloak)
rCorr   .            (no gloves)
SInv    .            (boots unavailable)
Will    .....        h - amulet of faith
Stlth   +            (no ring)
HPRegen 0.28/turn    (no ring)
MPRegen 0.00/turn

%: faith, infuse magic (-4 HP)
@: about to teleport, flying
A: sickness immunity, fire resistance 2, cold vulnerability 1, float, innate
caster, HP casting, extra vitality 1
a: no special abilities


You were on level 4 of the Dungeon.
You visited 1 branch of the dungeon, and saw 4 of its levels.

You collected 253 gold pieces.
You spent 195 gold pieces at shops.


Innate Abilities, Weirdness & Mutations

You are immune to sickness and miasma.
You are immune to poison.
Your flesh is very heat resistant. (rF++)
You are vulnerable to cold. (rC-)
You float through the air rather than walking.
You learn spells naturally, not from books.
Your magical power is your life essence.
You have superior vitality. (+4 MHP)


   Skills:
 + Level 3.9 Fighting
 - Level 5.1 Ranged Weapons
 - Level 1.0 Armour
 - Level 3.7 Dodging
 - Level 0.7 Stealth


You knew the following spells:

 Your Spells              Type           Power      Damage    Failure   Level
a - Kiss of Death         Conj/Necr      0%         2d5       67%         1
b - Scorch                Fire           0%         2d5       82%         2
c - Summon Ice Beast      Ice/Summ       0%         N/A       96%         3
Your spell library was empty.

Inventory:

Hand Weapons
 a - a +2 shortbow (weapon)
Armour
 b - a +0 ring mail (worn)
Jewellery
 h - an amulet of faith (around neck)
Wands
 l - a wand of paralysis (5)
Scrolls
 d - a scroll of blinking {unknown}
 g - 3 scrolls of teleportation
 j - a scroll of identify
Potions
 c - a potion of haste
 f - a potion of enlightenment {unknown}
 i - a potion of might

Dungeon Overview and Level Annotations

Branches:
Dungeon (4/15)
 Temple: D:4-7

Altars:
Fedhas
Wu Jian

Shops:
D:4 *


Message History

You have reached level 7!
The power to cast Summon Ice Beast wells up from within.
Spell assigned to 'c'.
You shoot an arrow. The arrow hits the orc!
You kill the orc!
You shoot an arrow. The arrow hits the orc.
The orc is severely wounded.
The orc barely misses you.
You shoot an arrow. The arrow hits the orc.
You kill the orc!
You now have enough gold to buy a scroll of teleportation on this level.
You can access your shopping list by pressing '$'.
You now have 44 gold pieces (gained 14).
Items here: % )) [[.
Things that are here:
a +0 hand axe; an orc corpse You see here a quokka corpse.
You now have 58 gold pieces (gained 14).
Found 6 atropa-tipped darts.
Enter note: You see here 6 atropa-tipped darts.
An ogre comes into view. It is wielding a +0 giant spiked club.
You shoot an arrow. The arrow hits the ogre.
The ogre shouts!
The ogre is lightly wounded.
You shoot an arrow.
The arrow hits the ogre but does no damage.
The ogre is lightly wounded.
The ogre hits you with a +0 giant spiked club!!
Ouch! That really hurt!
You shoot an arrow. The arrow hits the ogre!
The ogre is heavily wounded.
The ogre hits you with a +0 giant spiked club!!
2109 ||| READING 4 scrolls of teleportation.
As you read the scroll of teleportation, it crumbles to dust.
You feel strangely unstable.
2110 ||| DRINKING potion of heal wounds.
You feel much better.
The ogre hits you with a +0 giant spiked club!!
You die...

......##########
....).)....o...#
.!....########o#
##### #....# #.#
#.##.# #.#
#..#)###.#
#.#.<#)..o.#
........#######
####.....O@(..#
#..##.####.#
#...... #.# ##.#
.## #.# #. ..
#.# ######.#
#......#
#.###### #.#


You could see an ogre.

Vanquished Creatures
  A black bear (D:4)
  Blork the orc (D:4)
  A hound (D:4)
  Jessica (D:3)
  2 orc wizards
  2 adders (D:3)
  3 dart slugs
  13 orcs
  4 ball pythons
  6 endoplasms
  2 giant cockroaches
  3 goblins
  6 jackals
  4 quokkas
  6 bats
  2 frilled lizards (D:1)
  4 kobolds
  2 rats
63 creatures vanquished.

Notes
Turn   | Place    | Note
-------+----------+-------------------------------------------
     0 | D:1      | qw the Djinni Hunter began the quest for the Orb.
     0 | D:1      | Reached XP level 1. HP: 18/18 MP: 0/0
     0 | D:1      | 0 ||| qw: Version: 0.3-a-136-gdd3b4e8
     0 | D:1      | 0 ||| qw: Game counter: 1159
     0 | D:1      | 0 ||| qw: Melee chars always use a shield: true
     0 | D:1      | 0 ||| qw: God list: Okawaru
     0 | D:1      | 0 ||| qw: Allow faded altars: false
     0 | D:1      | 0 ||| qw: Do Orc after clearing Dungeon:15 true
     0 | D:1      | 0 ||| qw: Do second Lair branch before Depths: true
     0 | D:1      | 0 ||| qw: Lair rune preference: random
     0 | D:1      | 0 ||| qw: Goals: Normal
     0 | D:1      | 0 ||| PLANNING D:1-11
   165 | D:1      | Reached XP level 2. HP: 23/23 MP: 0/0
   446 | D:1      | Reached skill level 4 in Ranged Weapons
   446 | D:1      | Reached XP level 3. HP: 28/28 MP: 0/0
   446 | D:1      | Learned a level 1 spell: Kiss of Death
   518 | D:1      | 518 ||| READING scroll labelled MEOQAROO DOGE.
   519 | D:1      | 519 ||| READING scroll labelled JEEGUI SELANT.
   524 | D:1      | 524 ||| READING 2 scrolls labelled FETEAL GIEDIMP.
   524 | D:1      | 524 ||| IDENTIFYING ruby potion
   525 | D:1      | 525 ||| READING scroll of identify.
   525 | D:1      | 525 ||| IDENTIFYING 2 sapphire potions
   526 | D:1      | 526 ||| READING scroll labelled NIYMMUGEGH.
   527 | D:1      | 527 ||| READING scroll labelled MOILOLUTZOMU.
   528 | D:1      | 528 ||| DROPPING scroll of butterflies.
   529 | D:1      | 529 ||| DROPPING 2 potions of brilliance.
  1049 | D:2      | 1049 ||| UPGRADING to +0 ring mail.
  1059 | D:2      | 1059 ||| DROPPING +0 leather armour.
  1060 | D:2      | 1060 ||| DRINKING 2 orange potions.
  1087 | D:3      | 1087 ||| STAIRDANCE
  1128 | D:3      | 1128 ||| STAIRDANCE
  1156 | D:3      | Found an ornate altar of the Wu Jian Council.
  1164 | D:3      | 1164 ||| DRINKING potion of curing.
  1164 | D:3      | 1164 ||| (to cure confusion)
  1166 | D:3      | Reached skill level 1 in Armour
  1167 | D:3      | 1167 ||| FLEEEEING.
  1182 | D:3      | HP: 6/29 [something (3)]
  1186 | D:3      | HP: 2/29 [something (2)]
  1188 | D:3      | Reached skill level 3 in Fighting
  1188 | D:3      | Reached XP level 4. HP: 3/35 MP: 0/0
  1557 | D:3      | Reached XP level 5. HP: 40/40 MP: 0/0
  1557 | D:3      | Learned a level 2 spell: Scorch
  1557 | D:3      | Noticed Jessica
  1560 | D:3      | Killed Jessica
  1662 | D:3      | Found a blossoming altar of Fedhas.
  1746 | D:3      | 1746 ||| UPGRADING to amulet of faith.
  1751 | D:3      | 1751 ||| READING 2 scrolls of identify.
  1751 | D:3      | 1751 ||| IDENTIFYING puce potion
  1752 | D:3      | 1752 ||| READING scroll of identify.
  1752 | D:3      | 1752 ||| IDENTIFYING lumpy golden potion
  1753 | D:3      | 1753 ||| READING 2 scrolls labelled XOSIYZ WIUGU.
  1753 | D:3      | 1753 ||| ENCHANTING +0 shortbow.
  1754 | D:3      | 1754 ||| READING scroll of enchant weapon.
  1754 | D:3      | 1754 ||| ENCHANTING +1 shortbow.
  1755 | D:3      | 1755 ||| DRINKING 2 smoky clear potions.
  1756 | D:3      | 1756 ||| DROPPING potion of attraction.
  1757 | D:3      | 1757 ||| DROPPING potion of degeneration.
  1806 | D:4      | 1806 ||| FLEEEEING.
  1807 | D:4      | 1807 ||| FLEEEEING.
  1808 | D:4      | 1808 ||| FLEEEEING.
  1809 | D:4      | 1809 ||| FLEEEEING.
  1810 | D:4      | 1810 ||| FLEEEEING.
  1811 | D:4      | 1811 ||| FLEEEEING.
  1812 | D:4      | 1812 ||| FLEEEEING.
  1813 | D:4      | 1813 ||| FLEEEEING.
  1815 | D:4      | 1815 ||| FLEEEEING.
  1816 | D:4      | 1816 ||| FLEEEEING.
  1817 | D:4      | 1817 ||| FLEEEEING.
  1818 | D:4      | 1818 ||| FLEEEEING.
  1821 | D:4      | 1821 ||| FLEEEEING.
  1822 | D:4      | 1822 ||| FLEEEEING.
  1823 | D:4      | 1823 ||| FLEEEEING.
  1824 | D:4      | HP: 5/40 [something/magic dart (9)]
  1826 | D:4      | 1826 ||| DRINKING potion of curing.
  1826 | D:4      | 1826 ||| (to cure confusion)
  1830 | D:4      | HP: 3/40 [orc wizard/magic dart (10)]
  1831 | D:4      | 1831 ||| READING 2 scrolls of teleportation.
  1831 | D:4      | HP: 1/40 [orc wizard/+0 dagger (2)]
  1832 | D:4      | 1832 ||| DRINKING 2 potions of heal wounds.
  1927 | D:4      | Reached skill level 5 in Ranged Weapons
  1927 | D:4      | Reached XP level 6. HP: 46/46 MP: 0/0
  1933 | D:4      | Found Agrorph's General Store.
  1933 | D:4      | Noticed a black bear
  1941 | D:4      | Killed a black bear
  1942 | D:4      | Reached skill level 3 in Dodging
  1949 | D:4      | 1949 ||| BUYING 3 scrolls of teleportation (117 gold).
  1949 | D:4      | Bought 3 scrolls of teleportation for 117 gold pieces
  1949 | D:4      | 1949 ||| BUYING potion of might (52 gold).
  1949 | D:4      | Bought a potion of might for 52 gold pieces
  1949 | D:4      | 1949 ||| BUYING scroll of identify (26 gold).
  1949 | D:4      | Bought a scroll of identify for 26 gold pieces
  1949 | D:4      | 1949 ||| SHOPLISTING scroll of teleportation (39 gold, have
                  | 30).
  1949 | D:4      | 1949 ||| SHOPLISTING wand of flame (9) (81 gold, have 30).
  1963 | D:4      | Noticed Blork the orc
  1976 | D:4      | Killed Blork the orc
  2061 | D:4      | Reached XP level 7. HP: 51/51 MP: 0/0
  2061 | D:4      | Learned a level 3 spell: Summon Ice Beast
  2108 | D:4      | HP: 1/51 [ogre/+0 giant spiked club (21)]
  2109 | D:4      | 2109 ||| READING 4 scrolls of teleportation.
  2110 | D:4      | 2110 ||| DRINKING potion of heal wounds.
  2110 | D:4      | Slain by an ogre

Levels and vault maps discovered:
D:1:      dpeg_arrival_tiny_a, layout_basic
D:2:      layout_rooms, serial_park_tiny_pond
D:3:      layout_rooms, mainiacjoe_overflow_alcove_1, general_overflow_altar,
          uniq_jessica
D:4:      layout_basic, tgw_sif, minmay_temple_entry_sparse_star, serial_shops,
          nicolae_shop_peninsula, uniq_blork_the_orc

Skill      XL: |  1  2  3  4  5  6 |
---------------+-------------------+-----
Ranged Weapons | 4 5 |  5.1
Armour         | 1 |  1.0
Fighting       | 3 |  3.9
Dodging        | 3 |  3.7
Stealth        | |  0.7

Action                     |  1- 3 |  4- 6 |  7- 9 || total
---------------------------+-------+-------+-------++-------
   Fire: Shortbow          |   125 |   104 |     6 ||   235
    Use: Scroll            |     6 |     5 |     1 ||    12
         Potion            |     2 |     3 |     1 ||     6
 Armour: Leather armour    |    11 |       |       ||    11
         Ring mail         |    53 |    31 |     3 ||    87
  Dodge: Dodged            |    40 |    22 |     1 ||    63

Table legend:
 A = Non-vault XP
 B = Vault XP
 C = Vault XP percentage of total XP
 D = Non-vault monster count
 E = Vault monster count
 F = Vault count percentage of total count
                 A         B        C        D         E       F
            +---------+---------+-------+---------+---------+-------
      Total |     388 |     137 |  26.1 |      61 |       2 |   3.2
            +---------+---------+-------+---------+---------+-------
        D:1 |      31 |       0 |   0.0 |      17 |       0 |   0.0
        D:2 |      21 |       0 |   0.0 |      12 |       0 |   0.0
        D:3 |      96 |      37 |  27.8 |      17 |       1 |   5.6
        D:4 |     240 |     100 |  29.4 |      15 |       1 |   6.2
            +---------+---------+-------+---------+---------+-------
